 Dungeon Crawl Stone Soup version 0.31-a0-1-g4198be8af4 (webtiles) character file.

Game seed: 2802596160675178200

93 scionoferis the Trooper (level 4, -2/40 HPs)
             Began as a Ghoul Berserker on May 1, 2023.
             Was a Believer of Trog.
             Slain by a kobold brigand
             ... wielding a +0 vampiric short sword
              (4 damage)
             ... in a sewer.
             The game lasted 00:04:13 (1846 turns).

scionoferis the Trooper (Ghoul Berserker)           Turns: 1846, Time: 00:04:13

Health: -2/40      AC:  8    Str: 19    XL:     4   Next: 62%
Magic:  3/3        EV:  8    Int:  3    God:    Trog [**....]
Gold:   77         SH:  0    Dex: 10    Spells: 3/3 levels left

rFire   . . .        a - +0 mace
rCold   + . .        (no shield)
rNeg    + + +        q - +0 chain mail
rPois   ∞            (no helmet)
rElec   .            (no cloak)
rCorr   .            (no gloves)
SInv    .            (no boots)
Will    .....        (no amulet) Stlth
                     (no ring)
HPRegen 0.00/turn    (no ring)
MPRegen 0.08/turn

%: no passive effects
@: inhibited regen
A: claws 1, cold resistance 1, negative energy resistance 3, inhibited
regeneration, torment resistance 2, devour on kill
a: Renounce Religion, Trog's Hand


You were in a sewer.
You worshipped Trog.
Trog was pleased with you.
You visited 1 branch of the dungeon, and saw 3 of its levels.
You also visited: Sewer.

You collected 77 gold pieces.


Innate Abilities, Weirdness & Mutations

You are immune to poison.
You have sharp fingernails.
Your flesh is cold resistant. (rC+)
You are immune to negative energy. (rN+++)
You do not regenerate when monsters are visible.
You are immune to unholy pain and torment.
You thrive by killing the living.


   Skills:
 + Level 4.2 Fighting
 * Level 4.2 Maces & Flails
 - Level 1.7 Armour
 - Level 1.7 Dodging


You had 3 spell levels left.
You didn't know any spells.
Your spell library was empty.

Inventory:

Hand Weapons
 a - a +0 mace (weapon)
Missiles
 e - 7 boomerangs (quivered)
Armour
 q - a +0 chain mail (worn)
   (You found it on level 2 of the Dungeon)
Scrolls
 c - 5 scrolls of identify {unknown}
 f - a scroll of torment {unknown}
 h - a scroll of teleportation {unknown}
 i - a scroll of fear {unknown}
 l - a scroll of enchant armour {unknown}
 m - a scroll of magic mapping {unknown}
 p - a scroll of poison {unknown}
 s - a scroll of blinking {unknown}
Potions
 b - a potion of attraction {unknown}
 d - a potion of lignification {unknown}
 g - 2 potions of degeneration {unknown}
 j - a potion of heal wounds {unknown}
 k - a potion of flight {unknown}
 n - 2 potions of curing {unknown}
 o - a potion of invisibility {unknown}
 r - a potion of haste {unknown}

Dungeon Overview and Level Annotations

Branches:
Dungeon (3/15)              Sewer (1/1)

Altars:

#### ### ###..####.###
....P.......#####
................###
........P.........#
..................#######
................@..#....#
P.~.......~~~...K~.)....#
~~P~...~~~~~~....~~'..∩.#
~~~~~..~~~~~P~P.~~~#....#
~#~#######~##############
~~~~~ ~~~ ≈~≈≈≈ ≈≈


You could see a kobold brigand.


Message History

Welcome, scionoferis the Ghoul Berserker.
Everyone else who sought the Orb of Zot has failed.
Will you be different?
Trog says: Kill them all!
Press ? for a list of commands and other information.
Found a scroll labelled KAADIMM QONORU.
Found a staircase leading out of the dungeon.
Found a stone staircase leading down.
There is a fountain of clear blue water here.
A kobold and a dart slug come into view.
The kobold shouts!
The dart slug launches a dart at you. The slug dart misses you.
You see here a scroll labelled KAADIMM QONORU.
The dart slug briefly extends its eye-stalks.
The dart slug launches a dart at you. The slug dart hits you.
The dart slug launches a dart at you. The slug dart hits you.
The kobold barely misses you.
You barely miss the kobold. The kobold hits you but does no damage.
The dart slug barely misses you.
You closely miss the kobold. The kobold misses you.
The dart slug closely misses you.
You closely miss the kobold. The kobold closely misses you.
The dart slug bites you.
You barely miss the kobold.
The kobold hits you with a +0 short sword.
The kobold closely misses you.
You are too injured to fight recklessly!
You are too injured to fight recklessly!
You are too injured to fight recklessly!
You are too injured to fight recklessly!
The kobold attacks as you move away! The kobold completely misses you.
You are too injured to fight recklessly!
You are too injured to fight recklessly!
You are too injured to fight recklessly!
You are too injured to fight recklessly!
You are too injured to fight recklessly!
You hit the dart slug.
The dart slug is severely wounded.
The dart slug barely misses you.
You sock the dart slug!
You kill the dart slug!
Trog accepts your kill.
You barely miss the kobold.
The kobold hits you with a +0 short sword.
The kobold barely misses you.
You barely miss the kobold.
The kobold hits you with a +0 short sword.
* * * LOW HITPOINT WARNING * * *
You miss the kobold. The kobold closely misses you.
You barely miss the kobold. The kobold barely misses you.
You barely miss the kobold. The kobold barely misses you.
The kobold hits you but does no damage.
You hit the kobold but do no damage. The kobold barely misses you.
You hit the kobold.
You kill the kobold!
Trog accepts your kill.
You feel better.
You see here a +0 short sword.
You see here a +0 short sword.
You start resting.
HP restored.
c - a scroll labelled KAADIMM QONORU
There is a stone staircase leading down here.
d - a sedimented orange potion A hobgoblin comes into view.
The hobgoblin shouts!
A rat comes into view.
You sock the hobgoblin!
You kill the hobgoblin!
Trog accepts your kill.
You see here a hobgoblin corpse.
Found a sling.
You hit the rat.
You kill the rat!
Trog accepts your kill.
Your Maces & Flails skill increases to level 3!
No target in view!
You see here a rat corpse.
A bat comes into view.
The bat barely misses you.
You closely miss the bat. The bat hits you but does no damage.
The bat hits you. The bat hits you but does no damage.
You thump the bat!
You kill the bat!
Trog accepts your kill.
You have reached level 2!
Found a book of the Hunter.
You see here a book of the Hunter.
An endoplasm comes into view.
You hit the endoplasm.
You kill the endoplasm!
Trog accepts your kill.
No target in view!
A rat comes into view.
A quokka comes into view.
You barely miss the quokka. The quokka bites you.
You miss the quokka. The quokka barely misses you. The rat bites you.
The quokka bites you.
You barely miss the quokka. The rat bites you but does no damage.
The quokka bites you.
You barely miss the quokka. The quokka bites you. The rat bites you.
The quokka bites you. The rat closely misses you.
You are too injured to fight recklessly!
You are too injured to fight recklessly!
You are too injured to fight recklessly!
The quokka closely misses you. The rat attacks as you move away!
The rat bites you but does no damage.
You barely miss the quokka. The quokka barely misses you.
You barely miss the quokka. The quokka bites you. x2
You hit the quokka.
The quokka is heavily wounded.
The quokka bites you.
* * * LOW HITPOINT WARNING * * *
You barely miss the quokka.
The quokka is heavily wounded.
The quokka barely misses you. The quokka bites you.
* * * LOW HITPOINT WARNING * * *
You hit the quokka.
You kill the quokka!
Trog accepts your kill.
You barely miss the rat. The rat closely misses you.
You sock the rat!
You kill the rat!
Trog accepts your kill.
You see here a rat corpse.
A bat comes into view.
Found 5 boomerangs.
The bat hits you.
You barely miss the bat. The bat hits you but does no damage. x2
You sock the bat!
You kill the bat!
Trog accepts your kill.
You feel better.
Found 10 gold pieces.
You see here a bat corpse.
You see here 5 boomerangs.
e - 5 boomerangs An endoplasm comes into view.
The helpless endoplasm fails to defend itself.
You hit the endoplasm but do no damage. The endoplasm closely misses you.
You hit the endoplasm.
The endoplasm is heavily wounded.
The endoplasm closely misses you.
An endoplasm is nearby!
You barely miss the endoplasm.
The endoplasm is heavily wounded.
The endoplasm barely misses you.
You hit the endoplasm.
You kill the endoplasm!
Trog accepts your kill.
No target in view!
You now have 10 gold pieces.
A quokka comes into view.
A quokka is nearby!
You closely miss the quokka. The quokka bites you.
You miss the quokka. The quokka bites you. The quokka closely misses you.
You hit the quokka but do no damage. The quokka bites you.
You closely miss the quokka. The quokka closely misses you.
The quokka barely misses you.
You closely miss the quokka.
The quokka bites you but does no damage.
You hit the quokka. Your claw misses the quokka.
The quokka is heavily wounded.
The quokka misses you. The quokka barely misses you.
You closely miss the quokka.
The quokka is heavily wounded.
The quokka misses you.
You hit the quokka.
You kill the quokka!
Trog accepts your kill.
No target in view!
A dart slug comes into view.
You hit the dart slug.
The dart slug is moderately wounded.
The dart slug closely misses you.
You hit the dart slug.
The dart slug is moderately wounded.
The dart slug barely misses you.
You hit the dart slug but do no damage.
The dart slug is moderately wounded.
The dart slug bites you.
You hit the dart slug.
The dart slug is severely wounded.
You hit the dart slug.
You kill the dart slug!
Trog accepts your kill.
You feel better.
No target in view!
There is an empty arch of ancient stone here.
There is a fountain of clear blue water here.
There is a fountain of clear blue water here.
There is a fountain of clear blue water here.
A kobold comes into view. It is wielding a +0 whip.
Found a scroll labelled PEUFOJU NASHAI and a scroll labelled KAADIMM QONORU.
You thump the kobold!
You kill the kobold!
Trog accepts your kill.
No target in view!
Things that are here:
a +0 whip; a kobold corpse
f - a scroll labelled PEUFOJU NASHAI A kobold comes into view.
It is wielding a +0 dagger.
The kobold shouts!
The kobold moves out of view.
c - 2 scrolls labelled KAADIMM QONORU (gained 1)
There are no items here.
The kobold hits you with a +0 dagger.
You hit the kobold.
You kill the kobold!
Trog accepts your kill.
No target in view!
You open the door.
A bat comes into view.
You closely miss the bat. Your claw misses the bat. The bat barely misses you.
The bat closely misses you.
You hit the bat.
The bat is severely wounded.
The bat barely misses you. x2
You closely miss the bat.
The bat is severely wounded.
The bat closely misses you.
You hit the bat.
You kill the bat!
Trog accepts your kill.
No target in view!
You open the door.
A quokka comes into view.
There is an open door here.
A quokka is nearby!
You closely miss the quokka. The quokka closely misses you.
You hit the quokka.
You kill the quokka!
Trog accepts your kill.
No target in view!
You see here a quokka corpse.
Found an escape hatch in the floor.
g - 2 glowing sapphire potions A dart slug comes into view.
A giant cockroach comes into view.
The dart slug closely misses you.
You barely miss the dart slug. The dart slug barely misses you.
The giant cockroach closely misses you.
You hit the giant cockroach but do no damage.
The giant cockroach barely misses you. The dart slug bites you.
You thump the giant cockroach!
You kill the giant cockroach!
Trog accepts your kill.
You feel better. The dart slug closely misses you.
You hit the dart slug but do no damage. The dart slug launches a dart at you.
The slug dart hits you but does no damage.
You hit the dart slug.
The dart slug is heavily wounded.
The dart slug barely misses you.
You sock the dart slug!
You kill the dart slug!
Trog accepts your kill.
You have reached level 3!
Your experience leads to an increase in your attributes!
Increase (S)trength, (I)ntelligence, or (D)exterity?
You feel agile. x2
You see here a dart slug corpse.
A bat comes into view.
The bat barely misses you.
You barely miss the bat. The bat hits you. The bat closely misses you.
You sock the bat!
You kill the bat!
Trog accepts your kill.
No target in view!
No target in view!
h - a scroll labelled KADGHU JADAOT You open the door.
There is an open door here.
A rat comes into view.
The rat bites you.
You sock the rat!
You kill the rat!
Trog accepts your kill.
You feel better.
No target in view!
An endoplasm comes into view.
The endoplasm quivers.
You hit the endoplasm.
The endoplasm is almost dead.
The endoplasm freezes you.
You are frozen.
You resist.
You hit the endoplasm.
You kill the endoplasm!
Trog accepts your kill.
You can now call upon Trog for regeneration and willpower.
No target in view!
You open the door.
Found a stone staircase leading down.
There is an open door here.
Found 5 stones.
A rat comes into view.
A rat is nearby!
The rat bites you.
You thump the rat!
You kill the rat!
Trog accepts your kill.
You feel better.
No target in view!
i - a scroll labelled NIFIOV OTOC
c - 3 scrolls labelled KAADIMM QONORU (gained 1)
e - 7 boomerangs (gained 2)
You now have 25 gold pieces (gained 15).
You open the door.
There is an open door here.
You open the door.
A bat comes into view.
Found 4 gold pieces.
The bat hits you.
There is an open door here.
You barely miss the bat. The bat barely misses you. x2
The bat barely misses you. The bat hits you but does no damage.
A goblin and an endoplasm come into view.
The goblin shouts!
The bat hits you.
The endoplasm quivers.
You hit the bat.
You kill the bat!
Trog accepts your kill.
You feel better.
A goblin comes into view. It is wielding a +0 club.
The goblin attacks as you move away! The goblin hits you with a +0 dagger.
The goblin attacks as you move away! The goblin hits you with a +0 dagger.
There is an open door here.
The goblin attacks as you move away! The goblin hits you with a +0 dagger.
You hit the goblin.
The goblin is severely wounded.
The goblin hits you but does no damage.
You hit the goblin.
You kill the goblin!
Trog accepts your kill.
You feel better. The endoplasm barely misses you.
You hit the endoplasm.
The endoplasm is moderately wounded.
The endoplasm barely misses you.
You hit the endoplasm.
You kill the endoplasm!
Trog accepts your kill.
You thump the goblin!
You kill the goblin!
Trog accepts your kill.
You feel better.
You swing at nothing.
There is an open door here.
Items here: )) ††.
You now have 29 gold pieces (gained 4).
As you open the door, it creaks loudly!
An endoplasm comes into view.
The endoplasm quivers.
The endoplasm barely misses you.
There is an open door here.
You sock the endoplasm!
You kill the endoplasm!
Trog accepts your kill.
No target in view!
Found a stone staircase leading down.
An endoplasm comes into view.
Found a book of Changes.
You hit the endoplasm.
The endoplasm is almost dead.
The endoplasm freezes you.
You are frozen.
You resist.
You hit the endoplasm.
You kill the endoplasm!
Trog accepts your kill.
You feel better.
No target in view!
A frilled lizard comes into view.
A kobold comes into view. It is wielding a +0 dagger.
The kobold shouts!
You hear a shout!
The frilled lizard hisses angrily.
The frilled lizard bites you.
You hit the kobold.
You kill the kobold!
Trog accepts your kill. The frilled lizard misses you.
You closely miss the frilled lizard. The frilled lizard bites you.
You barely miss the frilled lizard. The frilled lizard bites you.
The frilled lizard closely misses you.
You hit the frilled lizard.
You kill the frilled lizard!
Trog accepts your kill.
No target in view!
No target in view!
You see here a frilled lizard corpse.
A goblin comes into view. It is wielding a +0 club.
The goblin shouts!
A goblin is nearby!
The goblin closely misses you.
You barely miss the goblin. The goblin completely misses you.
You hit the goblin.
The goblin is severely wounded.
The goblin hits you but does no damage.
You miss the goblin.
The goblin is severely wounded.
The goblin misses you. The goblin hits you but does no damage.
You sock the goblin!
You kill the goblin!
Trog accepts your kill.
No target in view!
A goblin comes into view. It is wielding a +0 dagger.
The goblin shouts!
A goblin is nearby!
You closely miss the goblin. The goblin closely misses you.
You closely miss the goblin. The goblin hits you with a +0 dagger.
You completely miss the goblin. The goblin hits you with a +0 dagger.
You hit the goblin.
You kill the goblin!
Trog accepts your kill.
You feel better.
No target in view!
You see here a +0 dagger.
There is a stone staircase leading down here.
There is an open door here.
There is an open door here.
Items here: )) ††.
There is an open door here.
As you open the door, it creaks loudly!
There is an open door here.
There is an open door here.
There is a fountain of clear blue water here.
There is a fountain of clear blue water here.
There is a fountain of clear blue water here.
There is a fountain of clear blue water here.
j - a black potion Done exploring.
Unknown command.
You see here a +0 short sword.
There is a stone staircase leading down here.
You climb downwards.
Found a murky dark potion and a scroll labelled IMATO QYTUNN.
There is a stone staircase leading up here.
You hit the worm.
The worm is moderately wounded.
The worm misses you.
You sock the worm!
The worm is severely wounded.
You hit the worm but do no damage.
The worm is severely wounded.
The worm barely misses you.
You hit the worm.
The worm is almost dead.
The worm closely misses you.
You thump the worm!
You kill the worm!
Trog accepts your kill.
No target in view!
k - a murky dark potion
l - a scroll labelled IMATO QYTUNN A dart slug comes into view.
The dart slug barely misses you.
You sock the dart slug!
The dart slug is severely wounded.
The dart slug bites you but does no damage.
You sock the dart slug!
You kill the dart slug!
Trog accepts your kill.
No target in view!
A hobgoblin comes into view.
You see here a scroll labelled KAADIMM QONORU.
A hobgoblin is nearby!
The hobgoblin shouts!
You hit the hobgoblin.
The hobgoblin is severely wounded.
The hobgoblin hits you but does no damage.
You hit the hobgoblin.
The hobgoblin is almost dead.
The hobgoblin hits you. The hobgoblin closely misses you.
You sock the hobgoblin!
You kill the hobgoblin!
Trog accepts your kill.
No target in view!
HP restored.
c - 4 scrolls labelled KAADIMM QONORU (gained 1)
You now have 45 gold pieces (gained 16).
A kobold comes into view. It is wielding a +0 dagger.
A kobold is nearby!
An adder comes into view.
The adder hisses angrily.
You miss the adder. The adder closely misses you. The adder bites you.
You hit the adder but do no damage. The adder closely misses you.
You sock the adder!
The adder is severely wounded.
The adder barely misses you. The adder closely misses you.
You hit the adder but do no damage.
The adder is severely wounded.
The adder bites you. x2
You closely miss the adder.
The adder is severely wounded.
The adder bites you.
You sock the adder!
You kill the adder!
Trog accepts your kill.
Your Fighting skill increases to level 4!
You have reached level 4!
You barely miss the kobold. The kobold closely misses you.
You barely miss the kobold. The kobold closely misses you.
The kobold hits you with a +0 dagger.
You sock the kobold!
You kill the kobold!
Trog accepts your kill.
You feel better.
No target in view!
Things that are here:
a +0 dagger; an adder corpse
Things that are here:
a +0 dagger; an adder corpse An adder comes into view.
The adder hisses angrily.
You hit the adder.
The adder is moderately wounded.
The adder bites you.
You hit the adder.
The adder is almost dead.
The adder barely misses you. The adder bites you but does no damage.
You hit the adder.
You kill the adder!
Trog accepts your kill.
Your Maces & Flails skill increases to level 4!
No target in view!
Found a stone staircase leading down.
Found a stone staircase leading down.
Found a book of Winter.
Found a leather armour.
Found a stone staircase leading up.
You see here a book of Winter.
There is a stone staircase leading up here.
A goblin comes into view. It is wielding a +0 dagger.
Found a scroll labelled TUGECE ALUY.
The goblin shouts!
You hear a shout!
The goblin moves out of view.
A goblin is nearby!
There are no items here.
Unknown command.
You closely miss the goblin. The goblin misses you. x2
You closely miss the goblin. The goblin completely misses you.
You barely miss the goblin. The goblin hits you but does no damage.
You miss the goblin. The goblin completely misses you.
You barely miss the goblin. The goblin closely misses you.
You sock the goblin!
You kill the goblin!
Trog accepts your kill.
No target in view!
(D) Dungeon
Where to? (Enter - D:2 @ (x,y), ? - help)
You see here a book of Winter.
You see here a +0 leather armour.
m - a +0 leather armour You start removing your armour.
You continue taking off your +0 animal skin. x4
You finish taking off your +0 animal skin.
You start putting on your armour.
You continue putting on your +0 leather armour. x5
You finish putting on your +0 leather armour.
Unknown command.
You drop a +0 animal skin.
You open the door.
There is an open door here.
Found a robe.
You now have 48 gold pieces (gained 3).
b - a pink potion You now have 53 gold pieces (gained 5).
n - 2 glowing coppery potions You open the door.
A ball python comes into view.
The ball python hisses angrily.
You hit the ball python but do no damage.
The ball python bites you. The ball python grabs you.
The ball python constricts you.
You hit the ball python.
The ball python is severely wounded.
The ball python bites you but does no damage.
The ball python constricts you. The ball python barely misses you.
The ball python constricts you.
You sock the ball python!
You kill the ball python!
Trog accepts your kill.
You feel better.
No target in view!
There is an open door, spattered with blood here.
You see here a ball python corpse.
A giant cockroach comes into view.
Found a blue potion.
You hit the giant cockroach.
The giant cockroach is severely wounded.
The giant cockroach barely misses you. The giant cockroach bites you.
You hit the giant cockroach.
The giant cockroach is almost dead.
The giant cockroach barely misses you.
You closely miss the giant cockroach.
The giant cockroach is almost dead.
The giant cockroach bites you but does no damage.
The giant cockroach barely misses you.
A giant cockroach is nearby!
You barely miss the giant cockroach.
The giant cockroach is almost dead.
The giant cockroach bites you but does no damage.
You barely miss the giant cockroach.
The giant cockroach is almost dead.
The giant cockroach closely misses you. The giant cockroach barely misses you.
You closely miss the giant cockroach.
The giant cockroach is severely wounded.
The giant cockroach bites you but does no damage.
You hit the giant cockroach.
The giant cockroach is almost dead.
The giant cockroach barely misses you. x2
You barely miss the giant cockroach.
The giant cockroach is almost dead.
The giant cockroach bites you but does no damage.
You hit the giant cockroach.
You kill the giant cockroach!
Trog accepts your kill.
No target in view!
An adder comes into view.
The adder hisses angrily.
An endoplasm comes into view.
Found 17 gold pieces.
The endoplasm quivers.
Found a scroll labelled FAOCAT CUSTROYS.
The adder closely misses you.
You miss the adder. The adder bites you. x2
You hit the adder.
The adder is heavily wounded.
The adder bites you.
The endoplasm hits you but does no damage.
You miss the adder.
The adder is heavily wounded.
The adder barely misses you. The endoplasm hits you. The adder bites you.
The endoplasm completely misses you.
You thump the adder!
You kill the adder!
Trog accepts your kill.
You feel better. The endoplasm freezes you.
You are frozen.
You resist.
You barely miss the endoplasm. The endoplasm barely misses you.
You barely miss the endoplasm. The endoplasm hits you.
You hit the endoplasm. You claw the endoplasm.
The endoplasm is severely wounded.
The endoplasm freezes you.
You are frozen.
You resist.
You hit the endoplasm.
You kill the endoplasm!
Trog accepts your kill.
An endoplasm comes into view.
The endoplasm quivers.
You hit the endoplasm.
The endoplasm is heavily wounded.
The endoplasm freezes you.
You are frozen.
You resist.
You hit the endoplasm.
The endoplasm is severely wounded.
The endoplasm hits you.
You hit the endoplasm.
You kill the endoplasm!
Trog accepts your kill.
o - a blue potion A kobold comes into view.
It is wielding a +0 mace.
A kobold is nearby!
The kobold shouts!
The kobold throws a stone.
The stone hits you but does no damage. The kobold hits you with a +0 mace.
You hit the kobold.
You kill the kobold!
Trog accepts your kill.
You feel better.
No target in view!
Things that are here:
a +0 mace; 3 stones; a kobold corpse You now have 70 gold pieces (gained 17).
p - a scroll labelled FAOCAT CUSTROYS Search for what [? for help]? mace
Found a chain mail.
You see here a +0 chain mail.
q - a +0 chain mail You start removing your armour.
You continue taking off your +0 leather armour. x4
You finish taking off your +0 leather armour.
You start putting on your armour.
You continue putting on your +0 chain mail. x5
You finish putting on your +0 chain mail.
Unknown command.
You drop a +0 leather armour.
An endoplasm comes into view.
You sock the endoplasm!
You kill the endoplasm!
Trog accepts your kill.
No target in view!
You open the door.
There is an open door here.
You open the door.
There is an open door here.
There is an open door, spattered with blood here.
You see here a ball python corpse.
Found an escape hatch in the ceiling.
Found a club.
m - a scroll labelled TUGECE ALUY An endoplasm comes into view.
Found a stone staircase leading up.
The endoplasm quivers.
You hit the endoplasm but do no damage.
The endoplasm hits you but does no damage.
You hit the endoplasm.
You kill the endoplasm!
Trog accepts your kill.
No target in view!
Found a stone staircase leading down.
Found an escape hatch in the floor.
There is a stone staircase leading down here.
You now have 77 gold pieces (gained 7).
There is an open door here.
There is an open door, spattered with blood here.
You see here a ball python skeleton.
c - 5 scrolls labelled KAADIMM QONORU (gained 1)
There is an escape hatch in the ceiling here.
Done exploring.
Done exploring.
Search for what [Enter for "mace", or ? for help]? d: Unknown command.
There is a stone staircase leading down here.
You climb downwards.
You hear the sound of rushing water.
There is an entrance to a sewer on this level.
Hurry and find it before the portal rusts away!
Found a glowing drain.
There is a stone staircase leading up here.
A worm comes into view.
A ball python comes into view.
The ball python hisses angrily.
You barely miss the ball python.
The ball python bites you but does no damage.
The ball python barely misses you.
You barely miss the ball python. The ball python barely misses you.
The ball python grabs you. The ball python constricts you.
The ball python bites you. The ball python constricts you.
You thump the ball python!
You kill the ball python!
Trog accepts your kill.
A phantom comes into view.
You hit the phantom.
The phantom is lightly damaged.
The phantom closely misses you.
You closely miss the phantom.
The phantom is lightly damaged.
The phantom closely misses you. The phantom hits you.
The phantom blinks!
You blink.
Splash!
You fall into the shallow water.
Moving in this stuff is going to be slow.
Your unstable footing causes you to fumble your attack.
The phantom hits you.
You hit the phantom but do no damage.
The phantom is lightly damaged.
The phantom hits you.
Your skin crawls.
You feel strong-willed. The phantom closely misses you.
The phantom attacks as you move away!
The phantom hits you but does no damage. x2
You hit the phantom.
The phantom is lightly damaged.
The phantom hits you.
The phantom blinks!
You blink.
You hit the phantom.
The phantom is lightly damaged.
The phantom hits you but does no damage. x2
You hit the phantom.
The phantom is lightly damaged.
The phantom hits you but does no damage.
You closely miss the phantom.
The phantom is lightly damaged.
The phantom hits you but does no damage.
A rat comes into view.
You barely miss the phantom.
The phantom is lightly damaged.
The phantom hits you but does no damage.
You closely miss the phantom.
The phantom is lightly damaged.
The phantom hits you but does no damage.
The worm barely misses you. The phantom attacks as you move away!
The phantom hits you but does no damage.
You enter the shallow water.
Moving in this stuff is going to be slow.
The phantom closely misses you.
You feel the effects of Trog's Hand fading.
The phantom hits you but does no damage.
The phantom hits you but does no damage.
The phantom attacks as you move away! The phantom barely misses you.
The phantom attacks as you move away! The phantom barely misses you.
The phantom hits you but does no damage.
Your skin stops crawling.
You feel less strong-willed. The phantom attacks as you move away!
The phantom hits you but does no damage.
Why would you want to do that? Why would you want to do that?
Unknown command.
The phantom hits you but does no damage.
The rat barely misses you.
There is a glowing drain here.
The rat barely misses you. The phantom hits you.
The world spins around you as you enter the gateway.
You enter a sewer!
Found a gate leading back out of this place.
There is an empty arch of ancient stone here.
You start resting.
HP restored.
You open the door.
There is an open door here.
You enter the shallow water.
Moving in this stuff is going to be slow.
A rat comes into view.
Your unstable footing causes you to fumble your attack.
Your unstable footing causes you to fumble your attack.
The rat splashes around in the water.
You sock the rat!
You kill the rat!
Trog accepts your kill.
A frilled lizard comes into view.
The frilled lizard hisses angrily.
The frilled lizard bites you.
You see here a rat corpse.
You hit the frilled lizard.
You kill the frilled lizard!
Trog accepts your kill.
You feel better.
You open the large door.
A kobold comes into view. It is wielding a +0 club.
The kobold shouts!
Found an inky potion and a scroll labelled JEESOD BYNIO.
Found a gate leading back out of this place.
You hit the kobold.
You kill the kobold!
Trog accepts your kill.
There is a large open door here.
You see here a +0 club.
r - an inky potion
There is a gate leading back out of this place here.
s - a scroll labelled JEESOD BYNIO
There is a large open door here.
A ball python comes into view.
The ball python hisses angrily.
You barely miss the ball python.
The ball python bites you but does no damage.
The ball python completely misses you.
The ball python bites you but does no damage.
The ball python barely misses you.
You closely miss the ball python.
The ball python bites you but does no damage.
The ball python grabs you. The ball python constricts you.
You closely miss the ball python.
The ball python bites you but does no damage.
The ball python constricts you.
You barely miss the ball python.
The ball python bites you but does no damage.
The ball python constricts you.
The ball python bites you but does no damage.
The ball python constricts you.
You hit the ball python but do no damage.
The ball python bites you but does no damage.
The ball python constricts you.
You hit the ball python.
The ball python is moderately wounded.
The ball python bites you but does no damage.
The ball python constricts you.
The ball python bites you but does no damage.
The ball python constricts you.
You barely miss the ball python.
The ball python is moderately wounded.
The ball python bites you but does no damage.
The ball python constricts you.
You closely miss the ball python.
The ball python is moderately wounded.
The ball python bites you but does no damage.
The ball python constricts you. The ball python barely misses you.
The ball python constricts you.
You barely miss the ball python.
The ball python is moderately wounded.
The ball python closely misses you. The ball python constricts you.
You hit the ball python. Your claw misses the ball python.
The ball python is severely wounded.
The ball python bites you. The ball python constricts you.
The ball python barely misses you. The ball python constricts you.
You completely miss the ball python.
The ball python is severely wounded.
The ball python barely misses you. The ball python constricts you.
You barely miss the ball python.
The ball python is severely wounded.
The ball python bites you but does no damage.
The ball python constricts you.
You hit the ball python.
You kill the ball python!
Trog accepts your kill.
No target in view!
You start resting.
HP restored.
You see here a ball python corpse.
A ball python comes into view.
You barely miss the ball python. The ball python barely misses you.
The ball python grabs you. The ball python constricts you.
You closely miss the ball python. The ball python bites you.
The ball python constricts you.
The ball python bites you but does no damage.
The ball python constricts you.
You sock the ball python!
You kill the ball python!
Trog accepts your kill.
No target in view!
You open the large door.
A kobold brigand and a kobold come into view.
The kobold brigand is wielding a +0 vampiric short sword and quivering poisoned darts.
The kobold shouts!
Found a gate leading back out of this place.
Unknown command.
You closely miss the kobold.
The kobold hits you with a +0 short sword.
The kobold closely misses you.
You hit the kobold.
The kobold is heavily wounded.
The kobold brigand hits you but does no damage.
The kobold hits you but does no damage.
You hit the kobold.
You kill the kobold!
Trog accepts your kill. The kobold brigand barely misses you.
The kobold brigand hits you with a +0 vampiric short sword.
There is a large open door here.
Things that are here:
a +0 short sword; a kobold corpse The kobold brigand closely misses you.
The kobold brigand attacks as you move away!
The kobold brigand barely misses you.
The kobold brigand throws a poisoned dart.
The poisoned dart hits you!
You closely miss the kobold brigand. The kobold brigand barely misses you.
The kobold brigand splashes around in the water.
You completely miss the kobold brigand. The kobold brigand barely misses you.
You hit the kobold brigand.
The kobold brigand is lightly wounded.
The kobold brigand barely misses you.
You closely miss the kobold brigand.
The kobold brigand is lightly wounded.
The kobold brigand splashes around in the water.
You barely miss the kobold brigand.
The kobold brigand is lightly wounded.
The kobold brigand hits you but does no damage.
You closely miss the kobold brigand.
The kobold brigand is lightly wounded.
The kobold brigand hits you with a +0 vampiric short sword.
The kobold brigand splashes around in the water.
You miss the kobold brigand.
The kobold brigand is lightly wounded.
The kobold brigand hits you with a +0 vampiric short sword.
You hit the kobold brigand.
The kobold brigand is moderately wounded.
The kobold brigand hits you but does no damage.
You hit the kobold brigand.
The kobold brigand is heavily wounded.
The kobold brigand hits you with a +0 vampiric short sword!
You hit the kobold brigand but do no damage.
The kobold brigand is heavily wounded.
The kobold brigand hits you with a +0 vampiric short sword.
You hit the kobold brigand.
The kobold brigand is severely wounded.
The kobold brigand closely misses you.
The kobold brigand splashes around in the water.
You miss the kobold brigand.
The kobold brigand is severely wounded.
The kobold brigand hits you with a +0 vampiric short sword.
* * * LOW HITPOINT WARNING * * *
You barely miss the kobold brigand.
The kobold brigand is severely wounded.
The kobold brigand hits you with a +0 vampiric short sword.
* * * LOW HITPOINT WARNING * * *
You barely miss the kobold brigand.
The kobold brigand is severely wounded.
The kobold brigand hits you but does no damage.
You thump the kobold brigand!
The kobold brigand is almost dead.
The kobold brigand hits you with a +0 vampiric short sword.
* * * LOW HITPOINT WARNING * * *
You hit the kobold brigand but do no damage.
The kobold brigand is almost dead.
The kobold brigand hits you with a +0 vampiric short sword.
* * * LOW HITPOINT WARNING * * *
The kobold brigand hits you with a +0 vampiric short sword.
You die...

Skill      XL: |  1  2  3  4 |
---------------+-------------+-----
Maces & Flails | 3 4 |  4.2
Fighting       | 4 |  4.2
Armour         | |  1.7
Dodging        | |  1.7

Action                     |  1- 3 |  4- 6 || total
---------------------------+-------+-------++-------
  Melee: Mace              |   106 |    92 ||   198
         Punch             |       |     1 ||     1
 Invoke: Trog's Hand       |       |     1 ||     1
   Stab: Sleeping          |     1 |       ||     1
 Armour: Animal skin       |    16 |     2 ||    18
         Chain mail        |       |    34 ||    34
         Leather armour    |       |     7 ||     7
  Dodge: Dodged            |    67 |    46 ||   113

Levels and vault maps discovered:
D:1:      heliophobic_arrival_enchanted_forest, layout_basic
D:2:      layout_rooms, kennysheep_generic_room_2
D:3:      layout_loops_ring, nicolae_overflow_hallway_of_the_gods,
          cheibrodos_sewer_entry_sluice, skrybe_limestone_x, uniq_robin
Sewer:    kennysheep_pipe_town

Notes
Turn   | Place    | Note
-------+----------+-------------------------------------------
     0 | D:1      | scionoferis the Ghoul Berserker began the quest for the
                  | Orb.
     0 | D:1      | Reached XP level 1. HP: 19/19 MP: 0/0
   130 | D:1      | Reached skill level 3 in Maces & Flails
   145 | D:1      | Reached XP level 2. HP: 25/26 MP: 1/1
   589 | D:1      | Reached XP level 3. HP: 33/33 MP: 2/2
   630 | D:1      | Reached ** piety under Trog
  1075 | D:2      | Reached skill level 4 in Fighting
  1075 | D:2      | Reached XP level 4. HP: 29/40 MP: 3/3
  1125 | D:2      | Reached skill level 4 in Maces & Flails
  1650 | D:3      | Found a glowing drain.
  1662 | D:3      | Noticed a phantom
  1693 | Sewer    | Entered a sewer
  1820 | Sewer    | Noticed a kobold brigand
  1846 | Sewer    | HP: 2/40 [kobold brigand/+0 vampiric short sword (3)]
  1846 | Sewer    | Slain by a kobold brigand

Vanquished Creatures
  3 adders (D:2)
  A worm (D:2)
  4 dart slugs (D:1 D:2)
  10 endoplasms (D:1 D:2)
  2 giant cockroaches (D:1 D:2)
  5 goblins (D:1 D:2)
  2 hobgoblins (D:1 D:2)
  8 kobolds (D:1 D:2 Sewer)
  3 quokkas (D:1)
  4 ball pythons (D:2 D:3 Sewer)
  5 bats (D:1)
  2 frilled lizards (D:1 Sewer)
  5 rats (D:1 Sewer)
54 creatures vanquished.

Table legend: (Time is in decaauts)
 A = Elapsed time spent in this place.
 B = Non-inter-level travel time spent in this place.
 C = Inter-level travel time spent in this place.
 D = Time resting spent in this place.
 E = Time spent auto-exploring this place.
 F = Levels seen in this place.
 G = Mean time per level.
                   A        B        C        D        E       F      G
               +--------+--------+--------+--------+--------+-----+--------+
         Total |   1897 |   1838 |     59 |     67 |   1233 |   4 |  474.2 |
       Dungeon |   1731 |   1672 |     59 |     51 |   1187 |   3 |  577.0 |
         Sewer |    166 |    166 |      0 |     16 |     46 |   1 |  166.0 |
               +--------+--------+--------+--------+--------+-----+--------+

Top non-repeatable levels by time:
     D:1: 1018 daAuts
     D:2: 665 daAuts
   Sewer: 166 daAuts
     D:3: 47 daAuts

Table legend:
 A = Non-vault XP
 B = Vault XP
 C = Vault XP percentage of total XP
 D = Non-vault monster count
 E = Vault monster count
 F = Vault count percentage of total count
                 A         B        C        D         E       F
            +---------+---------+-------+---------+---------+-------
      Total |     124 |      10 |   7.5 |      47 |       7 |  13.0
            +---------+---------+-------+---------+---------+-------
        D:1 |      58 |       0 |   0.0 |      32 |       0 |   0.0
        D:2 |      66 |       0 |   0.0 |      15 |       0 |   0.0
        D:3 |       0 |       1 | 100.0 |       0 |       1 | 100.0
      Sewer |       0 |       9 | 100.0 |       0 |       6 | 100.0
            +---------+---------+-------+---------+---------+-------
